 Dungeon Crawl Stone Soup version 0.22-a0-348-gd16d139 (webtiles) character file.

20279 BaronVonScrub the Prestidigitator (level 12, -5/89 HPs)
             Began as a Demonspawn Wanderer on Apr 8, 2018.
             Was a High Priest of Ashenzari.
             Slain by BaronVonScrub's ghost (15 damage)
             ... on level 11 of the Dungeon.
             The game lasted 01:24:45 (16324 turns).

BaronVonScrub the Prestidigitator (DsWn)           Turns: 16324, Time: 01:24:45

Health: -5/89      AC: 10    Str: 18    XL:     12   Next: 44%
Magic:  0/22       EV: 16    Int: 21    God:    Ashenzari [*****.]
Gold:   1398       SH:  0    Dex: 22    Spells: 24/25 levels left

rFire    . . .     SeeInvis +   a - +5 hand crossbow (curse)
rCold    . . .     Gourm    .   (no shield)
rNeg     . . .     Faith    .   x - +1 robe of Nugy {Int+4} (curse)
rPois    .         Spirit   +   K - +2 helmet (curse)
rElec    .         Reflect  .   (no cloak)
rCorr    .         Harm     .   (no gloves)
MR       .....     Clarity  +   E - +1 pair of boots (curse)
Stlth    +++.......             h - amulet of guardian spirit (curse)
HPRegen  0.24/turn              H - +4 ring of dexterity (curse)
MPRegen  0.18/turn              v - +4 ring of strength (curse)

@: agile, about to teleport
A: claws 1, molten scales 1, demonic guardian 2, powered by pain 3
a: Curse Item, Scrying, Transfer Knowledge, Renounce Religion


You were on level 11 of the Dungeon.
You worshipped Ashenzari.
Ashenzari was extremely pleased with you.
You were hungry.

You visited 4 branches of the dungeon, and saw 16 of its levels.
You also visited: Sewer.

You collected 1651 gold pieces.
You spent 253 gold pieces at shops.

Inventory:

Hand Weapons
 a - a cursed +5 hand crossbow (weapon)
 d - a +0 shortbow
 k - a cursed -3 dagger
Missiles
 b - 2 bolts (quivered)
 e - 303 arrows
Armour
 f - a +0 robe
 x - the cursed +1 robe of Nugy (worn) {Int+4}
   (You bought it in a shop on level 5 of the Dungeon)

   It affects your intelligence (+4).
   It has a curse placed upon it.
 E - a cursed +1 pair of boots (worn)
 K - a cursed +2 helmet (worn)
Jewellery
 h - a cursed amulet of guardian spirit (around neck)
 p - an uncursed amulet of rage
 q - a cursed -3 ring of protection
 r - an uncursed ring of resist corrosion
 t - an uncursed ring of poison resistance
 v - a cursed +4 ring of strength (right claw)
 z - an uncursed ring of protection from magic
 H - a cursed +4 ring of dexterity (left claw)
 L - an uncursed amulet of the acrobat
 P - the ring "Jagu" {rElec Str+3 Int+2 SInv}
   (You found it on level 1 of the Swamp)

   [ring of intelligence]

   It affects your strength (+3).
   It affects your intelligence (+2).
   It insulates you from electricity.
   It lets you see invisible.
Wands
 G - a wand of flame (36)
 M - a wand of acid (6)
 N - a wand of iceblast (13)
Scrolls
 o - 3 scrolls of amnesia
 w - 3 scrolls of teleportation
 y - 7 scrolls of identify
 A - a scroll of magic mapping
 C - a scroll of immolation
 D - a scroll of fear
 S - a scroll of enchant weapon
Potions
 c - 3 potions of lignification
 i - 2 potions of curing
 l - 2 potions of agility
 m - 3 potions of ambrosia
 n - 2 potions of brilliance
 s - 4 potions of flight
 B - 2 potions of magic
 I - a potion of might
 O - a potion of haste
Comestibles
 g - 29 rations


   Skills:
 + Level 6.7 Fighting
 - Level 2.4 Bows
 - Level 10.6(14.3) Crossbows
 - Level 1.7 Throwing
 - Level 1.7 Armour
 - Level 7.2 Spellcasting
 * Level 3.5(7.1) Conjurations
 * Level 3.0(6.4) Air Magic
 - Level 12.9(16.5) Evocations


You had 24 spell levels left.
You knew the following spells:

 Your Spells              Type           Power        Failure   Level  Hunger
a - Shock                 Conj/Air       ####         1%          1    None


Dungeon Overview and Level Annotations

Branches:
Dungeon (11/15)            Temple (1/1) D:5            Lair (3/6) D:9
  Swamp (1/4) Lair:3          Orc (0/2) D:11
  Snake: Lair:2-4    Spider: Lair:2-4

Altars:
Ashenzari
Cheibriados
Dithmenos
Elyvilon
Fedhas
Gozag
Hepliaklqana
Kikubaaqudgha
Makhleb
Nemelex Xobeh
Okawaru
Qazlal
Ru
Sif Muna
Trog
Uskayaw
Vehumet
Wu Jian
Xom
Yredelemnul
Zin
The Shining One

Shops:
D:5 [   D:11 *

Annotations:
D:6 2 transporters
D:11 BaronVonScrub's ghost, journeyman DsBe


Innate Abilities, Weirdness & Mutations

You have sharp fingernails.
You are partially covered in molten scales. (AC +2)
A demonic guardian rushes to your aid.
You are powered by pain.


Message History

BaronVonScrub's ghost is severely damaged.
Your orange demon disappears in a puff of smoke!
BaronVonScrub's ghost hits you but does no damage.
BaronVonScrub's ghost hits you.
* * * LOW HITPOINT WARNING * * *
You are electrocuted!
* * * LOW HITPOINT WARNING * * *
As you read the scroll of teleportation, it crumbles to dust.
You feel strangely unstable. BaronVonScrub's ghost hits you.
* * * LOW HITPOINT WARNING * * *
Casting: Shock (safe; 1% risk of failure)
Confirm with . or Enter, or press ? or * to list all spells.
Aiming: Shock (safe; 1% risk of failure)
Press: ? - help, Shift-Dir - straight line, f/p - BaronVonScrub's ghost
Aim: BaronVonScrub's ghost, wielding a weapon of electrocution (severely damaged, weak) That beam is likely to hit you.
Continue anyway?
Okay, then.
BaronVonScrub's ghost hits you but does no damage.
You are electrocuted!
You die...

, * #...#
#..#......# { *#..W#
#(.#......# *
∆*#.c.# #(.#>.....#
, {* #..Z#
#..#......# ** #..(#
#..#.....<# , {
*#...# #(.#......# *
∆*#...# #..#?.....#
*,*#....#
#..#......# ,*
#....# #(.#@W.#..# ,
,*#....# #..#...#..#
#....# #..#.>.#..#
#....# #..#...#..#
*, #....#
#..#...#..# , ,
#....* #..#...#..#
#..{.####......#..#
,*
*#>........###..#..#
, #..c......# #..# ,


You could see BaronVonScrub's ghost.

Vanquished Creatures
  Harold (Lair:3)
  A hydra (D:11)
  A two-headed ogre (D:8)
  The ghost of mdmota the Cleaver, a novice HOMo of Nemelex Xobeh (D:11)
  An unseen horror (D:10)
  Maurice (D:10)
  3 black mambas
  3 spiny frogs
  2 komodo dragons (Lair:1)
  A tyrant leech (Swamp:1)
  4 hippogriffs
  7 yaks
  A steam dragon (D:10)
  2 hungry ghosts
  4 swamp worms
  10 water moccasins
  6 porcupines
  2 ice beasts
  A black bear (D:9)
  3 orc warriors
  A phantom (D:10)
  7 ogres
  8 centaurs
  4 crocodiles
  A big kobold (D:9)
  16 bullfrogs
  3 scorpions
  A water moccasin skeleton (D:6)
  5 wights (D:10)
  8 killer bees
  An electric eel (Lair:3)
  3 howler monkeys
  2 crimson imps
  A bullfrog zombie (D:10)
  A centaur zombie (D:8)
  7 orc priests
  3 centaur skeletons
  A gnoll shaman (D:7)
  3 hounds
  3 jellies
  13 orc wizards
  A bullfrog skeleton (D:10)
  7 iguanas
  8 worker ants
  A killer bee zombie (D:8)
  A hound skeleton (D:9)
  3 worker ant zombies
  15 adders
  7 gnolls
  2 shadow imps (D:9)
  An adder zombie (D:6)
  3 adder skeletons
  3 worms
  2 dart slugs
  4 leopard geckos
  42 orcs
  4 ball pythons
  8 giant cockroaches
  3 hobgoblins
  4 jackals
  11 kobolds
  10 quokkas
  A ball python skeleton (D:6)
  2 bats
  10 frilled lizards
  2 goblins
  A jackal zombie (D:5)
  11 rats
  A plant (D:9)
315 creatures vanquished.

Vanquished Creatures (collateral kills)
  The ghost of Ryco the Cleaver, a journeyman MiBe of Trog (D:11)
  The ghost of Terra the Spear-Bearer, a journeyman MfSk of Hepliaklqana (Lair:1)
  The ghost of RedSky the Gusty, a novice DrAE of Ashenzari (D:9)
  An alligator (Swamp:1)
  Nergalle (D:10)
  A spiny frog (Lair:1)
  3 komodo dragons
  A bog body (Swamp:1)
  A hippogriff (D:9)
  9 yaks
  A porcupine (D:9)
  A phantom (D:4)
  5 wolves (Lair:1)
  3 centaurs
  A crocodile (Lair:1)
  A big kobold (D:7)
  3 bullfrogs
  2 scorpions (D:9)
  A killer bee (D:7)
  2 orc priests
  An orc wizard (D:4)
  2 gnolls (D:7)
  2 adders
  4 orcs
  A kobold (D:7)
  A fungus (D:9)
  A plant (D:9)
52 creatures vanquished.

Vanquished Creatures (others)
  5 fungi
5 creatures vanquished.

Grand Total: 372 creatures vanquished

Notes
Turn   | Place    | Note
-------+----------+-------------------------------------------
     0 | D:1      | BaronVonScrub the Demonspawn Wanderer began the quest for the Orb.
     0 | D:1      | BaronVonScrub set off with: a +2 hand crossbow, 29 bolts, a potion of lignification, a +0 shortbow, 25 arrows, a +0 robe, a ration
     0 | D:1      | Reached XP level 1. HP: 18/18 MP: 1/1
   290 | D:1      | Gained mutation: You sometimes gain a little power by taking damage. [demonic ancestry]
   290 | D:1      | Reached XP level 2. HP: 24/24 MP: 2/2
   836 | D:1      | Reached skill level 1 in Spellcasting
  1128 | D:2      | Gained mutation: A weak demonic guardian rushes to your aid. [demonic ancestry]
  1128 | D:2      | Reached XP level 3. HP: 27/29 MP: 4/4
  1325 | D:2      | Found a glowing silver altar of Zin.
  1573 | D:2      | Found a faded altar of an unknown god.
  1655 | D:2      | Found a glowing golden altar of the Shining One.
  1747 | D:3      | Reached XP level 4. HP: 37/37 MP: 6/6
  1901 | D:3      | Found an opulent altar of Gozag.
  2373 | D:4      | Gained mutation: A demonic guardian rushes to your aid. [demonic ancestry]
  2373 | D:4      | Reached XP level 5. HP: 42/42 MP: 8/8
  2640 | D:4      | Noticed a phantom
  2644 | D:4      | Killed a phantom
  2644 | D:4      | Gained mutation: You sometimes gain power by taking damage. [demonic ancestry]
  2644 | D:4      | Reached XP level 6. HP: 40/48 MP: 10/10
  2771 | D:4      | Found a glowing drain.
  2857 | Sewer    | Entered a sewer
  3049 | Sewer    | Gained mutation: You are partially covered in molten scales. (AC +2) [demonic ancestry]
  3049 | Sewer    | Reached XP level 7. HP: 49/53 MP: 10/12
  3050 | Sewer    | Reached skill level 5 in Crossbows
  3420 | D:4      | Found a sparkling altar of Nemelex Xobeh.
  3743 | D:4      | Found a blossoming altar of Fedhas.
  3750 | D:4      | Found an ornate altar of the Wu Jian Council.
  3897 | D:5      | Entered Level 5 of the Dungeon
  3897 | D:5      | Found Nirex's Armour Shop.
  4525 | D:5      | Found a staircase to the Ecumenical Temple.
  4537 | Temple   | Entered the Ecumenical Temple
  4664 | Temple   | Became a worshipper of Ashenzari the Shackled
  4823 | D:5      | Gained mutation: You are powered by pain. [demonic ancestry]
  4823 | D:5      | Reached XP level 8. HP: 60/60 MP: 14/14
  4824 | D:5      | Found a shimmering altar of Xom.
  5109 | D:6      | Reached skill level 5 in Spellcasting
  5147 | D:6      | Found a transporter.
  5434 | D:6      | Found a transporter.
  5441 | D:6      | Noticed a kobold demonologist
  5528 | D:6      | Found a stormy altar of Qazlal.
  5716 | D:5      | Bought the +1 robe of Nugy {Int+4} for 253 gold pieces
  5921 | D:7      | Reached XP level 9. HP: 46/65 MP: 13/18
  6100 | D:7      | Reached * piety under Ashenzari
  6134 | D:7      | Found a glowing golden altar of the Shining One.
  7115 | D:8      | Reached skill level 1 in Evocations
  7191 | D:8      | Reached ** piety under Ashenzari
  7267 | D:8      | Reached skill level 2 in Evocations
  7491 | D:8      | Noticed a two-headed ogre
  7498 | D:8      | Killed a two-headed ogre
  7498 | D:8      | Reached skill level 10 in Crossbows
  7592 | D:8      | Reached skill level 3 in Evocations
  7767 | D:9      | Noticed RedSky's ghost (novice DrAE)
  7773 | D:9      | Reached XP level 10. HP: 59/71 MP: 15/20
  7799 | D:9      | Killed RedSky's ghost
  7799 | D:9      | Reached skill level 4 in Evocations
  7853 | D:9      | Reached skill level 5 in Evocations
  7990 | D:9      | Reached skill level 6 in Evocations
  7996 | D:9      | Found a staircase to the Lair.
  8118 | D:9      | Reached skill level 7 in Evocations
  8230 | D:9      | Reached skill level 8 in Evocations
  8460 | Lair:1   | Entered Level 1 of the Lair of Beasts
  8608 | Lair:1   | Reached skill level 9 in Evocations
  8647 | Lair:1   | Noticed a spiny frog
  8651 | Lair:1   | Killed a spiny frog
  8708 | Lair:1   | Noticed a spiny frog
  8724 | Lair:1   | Killed a spiny frog
  8724 | Lair:1   | Reached XP level 11. HP: 27/76 MP: 4/21
  9072 | Lair:1   | Reached *** piety under Ashenzari
  9093 | Lair:1   | Reached skill level 10 in Evocations
  9720 | Lair:1   | Noticed Terra's ghost (journeyman MfSk)
  9736 | Lair:1   | Killed Terra's ghost
  9736 | Lair:1   | Reached skill level 11 in Evocations
 10376 | Lair:2   | Reached skill level 12 in Evocations
 10906 | Lair:3   | Reached **** piety under Ashenzari
 11008 | Lair:3   | Found the +8 trident of the Octopus King {venom, rElec rPois MR+}
 11041 | Lair:3   | Noticed Harold
 11053 | Lair:3   | Killed Harold
 11844 | Lair:3   | Found a staircase to the Swamp.
 11898 | Swamp:1  | Entered Level 1 of the Swamp
 11899 | Swamp:1  | Noticed an alligator
 11907 | Swamp:1  | Killed an alligator
 11942 | Swamp:1  | Identified the ring "Jagu" {rElec Str+3 Int+2 SInv}
 12953 | D:9      | Learned a level 1 spell: Shock
 13268 | D:9      | Gained mutation: You have sharp fingernails. [demonic ancestry]
 13268 | D:9      | Reached XP level 12. HP: 80/84 MP: 22/22
 13655 | D:10     | Entered Level 10 of the Dungeon
 13666 | D:10     | Reached skill level 1 in Conjurations
 13690 | D:10     | Noticed Nergalle
 13694 | D:10     | Killed Nergalle
 13694 | D:10     | Reached skill level 1 in Air Magic
 13725 | D:10     | Reached skill level 5 in Fighting
 13727 | D:10     | Noticed Maurice
 13740 | D:10     | Killed Maurice
 13778 | D:10     | Reached ***** piety under Ashenzari
 14704 | D:11     | Noticed an eight-headed hydra
 14711 | D:11     | Killed an eight-headed hydra
 14758 | D:11     | Found a staircase to the Orcish Mines.
 14789 | D:11     | Noticed Ryco's ghost (journeyman MiBe)
 14794 | D:11     | Killed Ryco's ghost
 15070 | D:11     | Noticed mdmota's ghost (novice HOMo)
 15108 | D:11     | Killed mdmota's ghost
 15274 | D:11     | Found Veipuas's Profane Products.
 15274 | D:11     | Found a basalt altar of Yredelemnul.
 16000 | D:10     | Identified a scroll of acquirement
 16284 | D:11     | Noticed BaronVonScrub's ghost (journeyman DsBe)
 16324 | D:11     | Slain by BaronVonScrub's ghost

Vault maps used:
D:1:      minmay_arrival_checkered_box
D:2:      nicolae_overflow_crystal_walls, chequers_ecumenical_altar_lobes,
          nicolae_tso_swordbearing_angel
D:3:      overflow_temple_1_default, first_ration
D:4:      old_standard_altar, amethyst_overflow_temple_binary,
          cheibrodos_sewer_entry_bend
D:5:      temple_hall, serial_shops, shop, dk_xom_monty_hall
D:6:      gammafunk_wand_slinger, lemuel_coloured_pillars_altar
D:7:      basic_altar, small_statue_intersection
D:9:      due_lair_maze_entry_diamond, blue_anna_alchemist,
          kennysheep_kite_vault
D:10:     uniq_nergalle, uniq_maurice
D:11:     minmay_imperfect_grid, basic_loot_grate_trap, nicolae_evil_shop
Temple:   compressed_dpeg_circular_temple
Lair:1:   beast_lair_carwin_9, lemuel_fruit_tree
Lair:3:   nicolae_swamp_entry_splash_gauntlet, uniq_harold
Swamp:1:  hangedman_swamp_diagram, swamp_pool3
Sewer:    sewer_frog_island_01

Skill      XL: |  1  2  3  4  5  6  7  8  9 10 11 12 |
---------------+-------------------------------------+-----
Bows           | 2 |  2.4
Spellcasting   | 1 2 3 4 6 7 |  7.2
Crossbows      | 2 4 6 8 10 | 10.6
Evocations     | 3 9 12 | 12.9
Fighting       | 4 6 |  6.7
Conjurations   | 3 |  3.5
Air Magic      | 3 |  3.0
Throwing       | |  1.7
Armour         | |  1.7

Action                   |  1- 3 |  4- 6 |  7- 9 | 10-12 || total
-------------------------+-------+-------+-------+-------++-------
Melee: Hand crossbow     |     2 |       |       |    34 ||    36
 Fire: Hand crossbow     |    75 |   130 |   319 |   524 ||  1048
 Cast: Shock             |       |       |       |    98 ||    98
Invok: Curse Item        |       |       |     6 |     2 ||     8
       Scrying           |       |       |       |     5 ||     5
  Use: Scroll            |     6 |     1 |     5 |    12 ||    24
       Potion            |     7 |       |     4 |     7 ||    18
  Eat: Chunk             |     1 |     2 |     7 |     7 ||    17
       Ration            |     1 |       |     2 |     7 ||    10
Armor: Robe              |     9 |     4 |    24 |    80 ||   117
Dodge: Dodged            |    21 |    27 |    47 |   110 ||   205

Table legend:
 A = Spawn XP
 B = Non-spawn XP
 C = Spawn XP percentage of total XP
 D = Spawn monster count
 E = Non-spawn monster count
 F = Spawn count percentage of total count
 G = Total turns spent on level
                    A         B        C        D         E        F      G
               +---------+---------+-------+---------+---------+-------+---------
         Total |       0 |   28970 |   0.0 |       0 |     364 |   0.0 | 16324
               +---------+---------+-------+---------+---------+-------+---------
           D:1 |       0 |      30 |   0.0 |       0 |      18 |   0.0 |  1106
           D:2 |       0 |      39 |   0.0 |       0 |      14 |   0.0 |   625
           D:3 |       0 |      84 |   0.0 |       0 |      17 |   0.0 |   604
           D:4 |       0 |     605 |   0.0 |       0 |      34 |   0.0 |  1026
           D:5 |       0 |     505 |   0.0 |       0 |      16 |   0.0 |  1127
           D:6 |       0 |     986 |   0.0 |       0 |      22 |   0.0 |   693
           D:7 |       0 |    1288 |   0.0 |       0 |      43 |   0.0 |  1169
           D:8 |       0 |    1749 |   0.0 |       0 |      25 |   0.0 |   861
           D:9 |       0 |    4468 |   0.0 |       0 |      46 |   0.0 |  1629
          D:10 |       0 |    3779 |   0.0 |       0 |      36 |   0.0 |  1848
          D:11 |       0 |    2597 |   0.0 |       0 |      11 |   0.0 |   821
        Lair:1 |       0 |    5643 |   0.0 |       0 |      28 |   0.0 |  1558
        Lair:2 |       0 |    2648 |   0.0 |       0 |      16 |   0.0 |   944
        Lair:3 |       0 |    3078 |   0.0 |       0 |      15 |   0.0 |  1200
       Swamp:1 |       0 |    1265 |   0.0 |       0 |       4 |   0.0 |   392
         Sewer |       0 |     206 |   0.0 |       0 |      19 |   0.0 |   536
               +---------+---------+-------+---------+---------+-------+---------
